 Dungeon Crawl Stone Soup version 0.26-a0-682-g294304f6e8 (webtiles) character file.

Game seed: 60221112941858886

3597 PentaManta the Cleaver (level 9, -2/108 HPs)
             Began as a Minotaur Berserker on Oct 20, 2020.
             Was a High Priest of Trog.
             Slain by a 12-headed hydra (3 damage)
             ... on level 7 of the Dungeon.
             The game lasted 00:11:30 (6987 turns).

PentaManta the Cleaver (Minotaur Berserker)         Turns: 6987, Time: 00:11:31

Health: -2/108     AC:  9    Str: 25    XL:     9   Next: 85%
Magic:  8/8        EV: 10    Int:  4    God:    Trog [*****.]
Gold:   371        SH: 12    Dex: 10    Spells: 8/8 levels left

rFire    . . .     SeeInvis .   A - +3 war axe
rCold    . . .     Faith    .   s - +0 kite shield
rNeg     . . .     Spirit   .   j - +0 scale mail
rPois    .         Reflect  .   (helmet restricted)
rElec    .         Harm     .   (no cloak)
rCorr    .         Rampage  .   (no gloves)
MR       .....                  k - +1 pair of boots
Stlth    ..........             (no amulet)
HPRegen  0.28/turn              (no ring)
MPRegen  0.11/turn              (no ring)

@: berserking, very quick
A: retaliatory headbutt, horns 2
a: Berserk, Trog's Hand, Brothers in Arms, Renounce Religion


You were on level 7 of the Dungeon.
You worshipped Trog.
Trog was extremely pleased with you.
You visited 2 branches of the dungeon, and saw 8 of its levels.

You collected 371 gold pieces.

Inventory:

Hand Weapons
 d - a +3 hand axe
 A - a +3 war axe (weapon)
Missiles
 x - a throwing net (quivered)
Armour
 j - a +0 scale mail (worn)
 k - a +1 pair of boots (worn)
 s - a +0 kite shield (worn)
 t - a +0 plate armour
 C - a scarf of harm
 F - +0 steam dragon scales
Jewellery
 q - a +4 ring of evasion {unknown}
 v - a +6 ring of strength {unknown}
 y - an uncursed ring of wizardry {unknown}
Wands
 e - a wand of random effects (7)
 E - a wand of enslavement (8)
Scrolls
 b - 2 scrolls of blinking {unknown}
 c - a scroll of immolation {unknown}
 f - 9 scrolls of identify {unknown}
 g - a scroll of enchant armour {unknown}
 h - 3 scrolls of magic mapping {unknown}
 i - 4 scrolls of remove curse {unknown}
 l - a scroll of noise {unknown}
 m - 2 scrolls of fog {unknown}
 n - 2 scrolls of amnesia {unknown}
 o - 5 scrolls of teleportation {unknown}
 u - a scroll of summoning {unknown}
 z - a scroll of random uselessness {unknown}
 G - a scroll of fear {unknown}
Potions
 a - 2 potions of heal wounds {unknown}
 p - 2 potions of lignification {unknown}
 r - a potion of brilliance {unknown}
 w - a potion of flight {unknown}
 B - a potion of curing
 D - a potion of berserk rage


   Skills:
 - Level 4.6 Fighting
 + Level 11.4 Axes
 - Level 3.7 Armour
 - Level 3.4 Dodging
 * Level 11.4 Shields


You had 8 spell levels left.
You didn't know any spells.
Your spell library was empty.

Dungeon Overview and Level Annotations

Branches:
Dungeon (7/15)             Temple (1/1) D:6

Altars:
Ashenzari
Cheibriados
Elyvilon
Gozag
Hepliaklqana
Kikubaaqudgha
Nemelex Xobeh
Qazlal
Ru
Sif Muna
Trog
Uskayaw
Vehumet
Wu Jian
Xom
The Shining One

Shops:
D:7 ?

Annotations:
D:7 Prince Ribbit


Innate Abilities, Weirdness & Mutations

You reflexively headbutt those who attack you in melee.
You have a pair of horns on your head.


Message History

* * * LOW HITPOINT WARNING * * *
The 11-headed hydra misses you. The 11-headed hydra closely misses you.
The 11-headed hydra barely misses you. You block the 11-headed hydra's attack.
You hack one of the 11-headed hydra's heads off!
The ten-headed hydra grows two more!
You slash the 12-headed hydra! You headbutt the 12-headed hydra!
The 12-headed hydra is severely wounded.
The 12-headed hydra bites you.
* * * LOW HITPOINT WARNING * * *
The 12-headed hydra bites you!
* * * LOW HITPOINT WARNING * * *
The 12-headed hydra bites you but does no damage.
You block the 12-headed hydra's attack. The 12-headed hydra misses you.
The 12-headed hydra bites you but does no damage.
The 12-headed hydra bites you.
* * * LOW HITPOINT WARNING * * *
The 12-headed hydra bites you.
* * * LOW HITPOINT WARNING * * *
The 12-headed hydra bites you.
You die...

#. ..# #. #..
#.# ..# #.##
##.. #... ..#
#...##l.#
#.##.D# #.##@.#
##.(.### #....#
## #'#### ..#
#.#..##..
#.#..#.# ####
#.....## #....
.
##......##.....
...
#...#.......#
#..


You could see a 12-headed hydra and an iguana.

Vanquished Creatures
  Joseph (D:7)
  Maggie (D:7)
  3 sky beasts
  3 ice beasts
  A phantom (D:5)
  An ogre (D:7)
  3 centaurs
  Blork the orc (D:5)
  7 bullfrogs
  2 scorpions (D:7)
  7 wights
  2 centaur zombies (D:5)
  5 hounds
  3 bullfrog zombies (D:5)
  A jelly (D:7)
  A bullfrog skeleton (D:5)
  An orc priest (D:6)
  A centaur skeleton (D:5)
  5 iguanas
  6 orc wizards
  2 worker ants (D:4)
  2 hound zombies (D:5)
  3 worker ant zombies (D:5)
  8 gnolls
  A howler monkey skeleton (D:6)
  6 adders
  A shadow imp (D:7)
  An ufetubus (D:7)
  5 oozes
  An adder zombie (D:5)
  A worm (D:2)
  2 dart slugs
  7 leopard geckos
  17 orcs
  11 bats
  4 giant cockroaches
  9 goblins
  6 hobgoblins
  13 jackals
  5 kobolds
  4 quokkas
  A ball python (D:2)
  3 frilled lizards
  A leopard gecko zombie (D:5)
  A quokka zombie (D:7)
  10 rats
180 creatures vanquished.

Vanquished Creatures (others)
  2 withered plants (D:5)
2 creatures vanquished.

Grand Total: 182 creatures vanquished

Notes
Turn   | Place    | Note
-------+----------+-------------------------------------------
     0 | D:1      | PentaManta the Minotaur Berserker began the quest for the
                  | Orb.
     0 | D:1      | Reached XP level 1. HP: 19/19 MP: 0/0
   155 | D:1      | Reached XP level 2. HP: 26/26 MP: 1/1
   513 | D:1      | Reached skill level 5 in Axes
   520 | D:1      | Reached XP level 3. HP: 26/31 MP: 2/2
   668 | D:1      | Reached ** piety under Trog
  1064 | D:2      | Reached XP level 4. HP: 39/39 MP: 3/3
  1710 | D:2      | Found a white marble altar of Elyvilon.
  1714 | D:2      | Noticed a sky beast
  1725 | D:2      | Reached XP level 5. HP: 31/45 MP: 4/4
  1731 | D:2      | Killed a sky beast
  1731 | D:2      | Reached *** piety under Trog
  2803 | D:3      | Found a sparkling altar of Nemelex Xobeh.
  3087 | D:4      | Reached XP level 6. HP: 41/52 MP: 5/5
  3782 | D:4      | Found a bloodstained altar of Trog.
  4486 | D:5      | Entered Level 5 of the Dungeon
  4500 | D:5      | Found an opulent altar of Gozag.
  4671 | D:5      | Reached skill level 1 in Shields
  4671 | D:5      | Reached XP level 7. HP: 27/60 MP: 6/6
  4893 | D:5      | Noticed Blork the orc
  4898 | D:5      | Killed Blork the orc
  5001 | D:5      | Found an ornate altar of the Wu Jian Council.
  5184 | D:5      | Reached skill level 5 in Shields
  5184 | D:5      | Reached XP level 8. HP: 60/67 MP: 7/7
  5597 | D:6      | Reached **** piety under Trog
  5611 | D:6      | Found a staircase to the Ecumenical Temple.
  5721 | Temple   | Entered the Ecumenical Temple
  5816 | D:6      | Reached skill level 10 in Axes
  6246 | D:6      | Reached XP level 9. HP: 72/72 MP: 8/8
  6402 | D:6      | Found a sacrificial altar of Ru.
  6440 | D:7      | Found Garumi's Magic Scroll Shoppe.
  6476 | D:7      | Noticed Joseph
  6492 | D:7      | Killed Joseph
  6649 | D:7      | Noticed Maggie
  6650 | D:7      | Reached skill level 10 in Shields
  6662 | D:7      | Killed Maggie
  6802 | D:7      | Found a stormy altar of Qazlal.
  6814 | D:7      | Found an ancient bone altar of Kikubaaqudgha.
  6867 | D:7      | Reached ***** piety under Trog
  6904 | D:7      | Noticed Prince Ribbit
  6977 | D:7      | Noticed an eight-headed hydra
  6987 | D:7      | HP: 1/108 [12-headed hydra (5)]
  6987 | D:7      | Slain by a 12-headed hydra

Illustrated notes

Levels and vault maps discovered:
D:1:      dpeg_arrival_refuge, layout_basic
D:2:      layout_loops_ring, elyvilon_altar_5
D:3:      layout_basic, nemelex_altar_shiori, minmay_close_crescents
D:4:      layout_layer_cave, trog_three_pillars_becter
D:5:      layout_loops_ring, lemuel_doored_altar, grunt_gozag_breadcrumbs,
          serial_undead, serial_undead_a, serial_undead_e, serial_undead_d,
          serial_undead_d, grunt_tough_drop, uniq_blork_the_orc
D:6:      layout_loops_ring, kennysheep_mini_moat, minmay_temple_entry_ruins
D:7:      wad_guarded_room, layout_rooms, grunt_qazlal_sundering,
          nicolae_overflow_hidden_temple, serial_shops, shop, uniq_joseph,
          uniq_prince_ribbit1, uniq_maggie
Temple:   eino_temple_lava

Skill      XL: |  1  2  3  4  5  6  7  8  9 |
---------------+----------------------------+-----
Axes           | 4 5 6 8 9 10 11 | 11.4
Fighting       | 4 |  4.6
Armour         | 3 |  3.7
Dodging        | 3 |  3.4
Shields        | 1 5 8 11 | 11.4

Action                   |  1- 3 |  4- 6 |  7- 9 || total
-------------------------+-------+-------+-------++-------
Melee: Hand axe          |    63 |   173 |   168 ||   404
       Headbutt          |    14 |    22 |    58 ||    94
       War axe           |       |       |   112 ||   112
Invok: Berserk           |     1 |       |     6 ||     7
       Trog's Hand       |       |       |     3 ||     3
  Use: Potion            |       |       |     4 ||     4
Armor: Animal skin       |     9 |     1 |       ||    10
       Scale mail        |       |    59 |    84 ||   143
Dodge: Dodged            |    35 |    89 |    89 ||   213
Block: Kite shield       |       |    12 |   147 ||   159

Table legend: (Time is in decaauts)
 A = Elapsed time spent in this place.
 B = Non-inter-level travel time spent in this place.
 C = Inter-level travel time spent in this place.
 D = Time resting spent in this place.
 E = Time spent auto-exploring this place.
 F = Levels seen in this place.
 G = Mean time per level.
                   A        B        C        D        E       F      G
               +--------+--------+--------+--------+--------+-----+--------+
         Total |   7014 |   6765 |    249 |    425 |   5200 |   8 |  876.8 |
       Dungeon |   6950 |   6706 |    244 |    425 |   5143 |   7 |  992.9 |
        Temple |     63 |     58 |      5 |      0 |     57 |   1 |   63.0 |
               +--------+--------+--------+--------+--------+-----+--------+

Top non-repeatable levels by time:
     D:4: 1443 daAuts
     D:2: 1098 daAuts
     D:1: 1058 daAuts
     D:5: 985 daAuts
     D:3: 925 daAuts
     D:6: 892 daAuts
     D:7: 547 daAuts
  Temple: 63 daAuts
